AoeStats
← Timur

Fortress

508971507Analyzed
2v2 RM · 7d ago on Sep 24, 2026· 53m 9s· 4 players
Game mode
Random Map
Map size
Normal (6 player)
Population
200
Speed
Normal
Resources
Standard
Victory
Conquest
Starting age
Dark Age
Ending age
Imperial Age
RankedLock teamsTeams togetherTeam positionsShared explorationLock speedFull tech treeHidden civsTurbo modeCheats
Victory
Defeat
🇨🇱 Lithuanians · Chile
762
+16
🇵🇪 Persians · Peru
761
+16
🇹🇷 Spanish · Türkiye
801
-18
🇷🇺 Italians · Russia
722
-14
zarckt
7:29 Feudal Age
8:51 Double-Bit Axe
10:57 Wheelbarrow
14:21 Castle Age
12:35 Horse Collar
13:12 Gold Mining
15:36 Bow Saw
15:42 Kamandaran
17:50 Crossbowman
25:34 Padded Archer Armor
25:24 Fletching
28:19 Thumb Ring
28:36 Leather Archer Armor
33:11 Loom
33:42 Hand Cart
35:58 Imperial Age
35:23 Caravan
36:32 Gold Shaft Mining
35:48 Stone Mining
37:52 Heavy Plow
40:04 Two-Man Saw
40:11 Ballistics
40:51 Chemistry
40:56 Bodkin Arrow
41:32 Ring Archer Armor
44:52 Cavalier
45:32 Husbandry
46:24 Citadels
46:34 Conscription
47:02 Forging
46:58 Scale Barding Armor
50:05 Savar
52:54 Iron Casting
52:40 Chain Barding Armor
Alexmason
6:47 Loom
8:49 Feudal Age
9:25 Double-Bit Axe
9:20 Horse Collar
14:49 Castle Age
12:59 Stone Mining
13:07 Gold Mining
15:07 Scale Barding Armor
15:44 Bow Saw
16:16 Heavy Plow
22:23 Bloodlines
23:32 Thumb Ring
25:35 Padded Archer Armor
25:25 Fletching
25:56 Chain Barding Armor
26:32 Ballistics
26:55 Wheelbarrow
30:55 Imperial Age
29:51 Leather Archer Armor
29:31 Bodkin Arrow
30:38 Hand Cart
31:07 Bodkin Arrow
32:01 Conscription
33:18 Chemistry
36:04 Crop Rotation
35:02 Heavy Cavalry Archer
36:45 Caravan
37:50 Stone Shaft Mining
37:03 Elite Leitis
41:08 Bracer
41:38 Ring Archer Armor
41:44 Plate Barding Armor
48:00 Light Cavalry
Jkeeeeeeeeeeeeee
1:31 Loom
7:05 Feudal Age
8:41 Wheelbarrow
8:07 Horse Collar
8:15 Double-Bit Axe
8:31 Gold Mining
14:06 Castle Age
13:46 Forging
13:27 Fletching
14:58 Bow Saw
17:21 Hand Cart
16:58 Treadmill Crane
17:55 Ballistics
18:34 Heavy Plow
19:16 Fervor
20:40 Silk Road
22:21 Caravan
26:35 Imperial Age
28:40 Two-Man Saw
28:14 Crop Rotation
28:19 Conscription
28:11 Squires
27:31 Pikeman
29:12 Arson
30:07 Iron Casting
30:46 Block Printing
30:57 Illumination
31:08 Theocracy
31:25 Bodkin Arrow
35:44 Padded Archer Armor
36:45 Blast Furnace
36:00 Redemption
35:23 Elite Genoese Crossbowman
36:40 Hoardings
38:23 Chemistry
37:19 Murder Holes
38:33 Arrowslits
40:58 Leather Archer Armor
40:24 Elite Skirmisher
48:10 Pirotechnia
49:30 Onager
Timur
8:27 Feudal Age
9:40 Double-Bit Axe
9:52 Horse Collar
11:57 Wheelbarrow
16:42 Castle Age
15:41 Bloodlines
17:30 Caravan
18:41 Heavy Plow
21:13 Scale Barding Armor
33:47 Chain Barding Armor
33:37 Padded Archer Armor
33:28 Fletching
35:18 Hand Cart
39:29 Leather Archer Armor
41:14 Bodkin Arrow
Connection lost

Rejoining the realm…

Still unreachable

The connection could not be restored.

Session expired

The server has moved on; the page needs a fresh start.